 Dungeon Crawl Stone Soup version 0.17.1-1-g73c8601 (console) character file.

190760 Kloppie the Severer (level 17, -1/170 HPs)
             Began as a Minotaur Berserker on Dec 20, 2015.
             Was a High Priest of Trog.
             Slain by the 27-headed Lernaean hydra (8 damage)
             ... on level 4 of the Swamp.
             The game lasted 01:25:06 (41213 turns).

Kloppie the Severer (Minotaur Berserker)           Turns: 41213, Time: 01:25:06

Health: -1/170     AC: 25    Str: 32    XL:     17   Next: 99%
Magic:  16/16      EV: 26    Int:  8    God:    Trog [*****.]
Gold:   3340       SH:  0    Dex: 23    Spells: 0 memorised, 16 levels left

rFire  . . .     SeeInvis .     b - +4 flail
rCold  + . .     Clarity  .     S - +0 plate armour
rNeg   . . .     SustAt   .     (no shield)
rPois  +         Gourm    .     (helmet restricted)
rElec  +         Spirit   .     I - +1 cloak
rCorr  +         Warding  .     h - +2 pair of gloves {Str+3}
rMut   .         Stasis   .     (no boots)
MR     +++..                    R - amulet of resist corrosion
Stlth  ..........               z - +5 ring of slaying
                                d - ring "Foawony" {rElec rC+ Int+4 Dex+3}

@: mighty, agile, regenerating, extremely resistant to hostile enchantments,
extremely unstealthy
A: retaliatory headbutt, hooves 1, horns 2, sense surroundings 1, poison
resistance
a: Berserk, Trog's Hand, Brothers in Arms, Burn Spellbooks, Renounce Religion


You were on level 4 of the Swamp.
You worshipped Trog.
Trog was extremely pleased with you.
You were not hungry.

You visited 5 branches of the dungeon, and saw 34 of its levels.
You visited the Abyss 1 time.
You also visited: Ossuary and Ice Cave.

You collected 3340 gold pieces.

Inventory:

Hand Weapons
 a - the +6 battleaxe of Trog's Hatred {speed, rPois rN+ SInv}
   (Trog gifted it to you on level 2 of the Swamp)

   Attacks with this weapon are significantly faster.
   It protects you from poison.
   It protects you from negative energy.
   It lets you see invisible.
 b - a +4 flail (weapon)
 i - a +6 executioner's axe of holy wrath
 n - a +3 executioner's axe of electrocution
 w - a +4 antimagic executioner's axe
Armour
 h - a +2 pair of gloves of strength (worn)
 I - a +1 cloak (worn)
 S - a +0 plate armour (worn)
Jewellery
 d - the ring "Foawony" (left hand) {rElec rC+ Int+4 Dex+3}
   (You took it off an orc priest on level 1 of the Orcish Mines)

   [ring of intelligence]

   It affects your intelligence (+4).
   It affects your dexterity (+3).
   It protects you from cold.
   It insulates you from electricity.
 r - an uncursed ring of positive energy
 z - a +5 ring of slaying (right hand)
 M - an uncursed amulet of faith
 R - an amulet of resist corrosion (around neck)
 T - an uncursed ring of protection from magic
 U - an uncursed ring of flight
Wands
 t - a wand of digging (9)
 F - a wand of disintegration (21)
Scrolls
 k - 18 scrolls of remove curse
 l - 10 scrolls of teleportation
 x - 6 scrolls of recharging
 B - 8 scrolls of enchant armour
 C - 2 scrolls of fear
 D - 3 scrolls of blinking
 H - 3 scrolls of fog
 K - 2 scrolls of magic mapping
 N - 8 scrolls of enchant weapon
Potions
 e - 9 potions of flight
 f - 14 potions of curing
 g - 7 potions of cancellation
 j - 4 potions of cure mutation
 m - 9 potions of heal wounds
 p - 3 potions of might
 q - a potion of haste
 s - 3 potions of invisibility
 L - a potion of ambrosia
 P - 3 potions of lignification
Miscellaneous
 o - a stone of tremors
 J - a lantern of shadows
Comestibles
 c - 14 bread rations
 u - 14 meat rations


   Skills:
 - Level 20.0 Fighting
 - Level 20.4 Axes
 - Level 19.1 Armour
 + Level 14.1 Dodging


You had 16 spell levels left.
You didn't know any spells.

Dungeon Overview and Level Annotations

Branches:
Dungeon (15/15)            Temple (0/1) D:7            Lair (8/8) D:9
  Swamp (4/4) Lair:3        Snake (3/4) Lair:4        Slime (0/6) Lair:7
    Orc (4/4) D:11            Elf (0/3) Orc:3        Vaults (0/5) D:14
 Depths (0/5) D:15

Altars:
Cheibriados
Fedhas
Kikubaaqudgha
Okawaru
Qazlal
Sif Muna
Trog
Yredelemnul
The Shining One
Beogh
Jiyva

Shops:
D:9 (   Orc:3 *   Orc:4 *[:(

Annotations:
Lair:3 exclusion: ice statue
Swamp:4 Lernaean hydra


Innate Abilities, Weirdness & Mutations

You reflexively headbutt those who attack you in melee.
You have a pair of horns on your head.
You have large cloven feet.
You passively map a small area around you.
Your system is resistant to poisons.


Message History

Your deep troll barely misses the swamp dragon.
The swamp dragon bites your deep troll!
The swamp dragon closely misses your deep troll.
The swamp dragon barely misses your deep troll.
The 27-headed Lernaean hydra completely misses you.
The 27-headed Lernaean hydra misses you.
The 27-headed Lernaean hydra bites you.
* * * LOW HITPOINT WARNING * * *
The 27-headed Lernaean hydra completely misses you.
The 27-headed Lernaean hydra bites you.
* * * LOW HITPOINT WARNING * * *
The 27-headed Lernaean hydra bites you but does no damage.
The 27-headed Lernaean hydra completely misses you.
The 27-headed Lernaean hydra closely misses you.
The 27-headed Lernaean hydra bites you but does no damage.
The 27-headed Lernaean hydra closely misses you.
The 27-headed Lernaean hydra bites you.
* * * LOW HITPOINT WARNING * * *
The 27-headed Lernaean hydra bites you!
You die...

♣≈.≈≈≈.♣...≈..≈.≈≈≈≈≈≈≈≈♣*
♣.≈≈≈≈≈≈≈≈.≈≈....≈≈≈.≈≈≈.♣
♣.≈≈≈§♣.≈≈≈≈...♣♣♣♣♣♣.§≈≈♣
♣≈.≈♣♣♣♣♣≈≈♣≈≈≈..♣♣ .≈≈.♣♣
♣.≈♣♣♣♣♣♣♣♣♣.§≈.≈.♣♣.≈≈≈♣ ♣ ♣..♣
♣..≈♣ ♣...≈♣..♣.≈≈♣♣ ♣ ♣♣♣♣
♣♣≈.♣♣♣♣.....≈.≈≈≈♣ ♣♣
♣♣♣♣≈§≈♣§♣♣≈≈≈...≈.≈.♣ ♣♣≈
♣.≈.♣♣.≈..§≈≈≈@D.≈...♣ ♣≈≈
♣.≈≈♣♣≈≈≈≈.≈..†DD..≈≈♣ ♣♣♣♣ ♣≈
♣≈..≈.≈≈≈≈≈..§♣T..≈≈≈♣ ♣♣..♣♣♣♣
♣♣....≈≈≈≈≈..≈≈.≈..≈≈♣♣♣≈..≈♣.≈
♣.≈≈≈..≈≈≈♣≈≈..§≈.≈≈≈♣♣..≈..≈..
♣♣≈≈≈≈#≈≈≈≈♣≈≈≈.≈♣§≈≈≈#....≈≈...
♣.≈♣♣♣≈.≈≈♣♣♣≈≈♣♣♣♣≈≈.≈.....≈≈.≈
♣.♣♣ ♣♣.≈♣♣ ♣♣♣♣ ♣♣.§♣.#....≈≈
♣♣♣ ♣♣♣♣ ♣♣ ♣≈≈.≈......≈


You could see the 27-headed Lernaean hydra, a seven-headed hydra, a swamp dragon
and a friendly deep troll (berserk).

Vanquished Creatures
  The ghost of xash the Warrior, an adept FoFi of Qazlal (Swamp:4)
  A thorn hunter (Swamp:3)
  Kirke (Lair:5)
  4 greater nagas
  Donald (Snake:3)
  A frost giant (IceCv)
  An orc warlord (Orc:4)
  Aizul (Snake:2)
  Louise (D:15)
  3 dire elephants (Lair:8)
  The ghost of Kloppie the Fighter, a journeyman CeBe of Trog (D:11)
  Snorg (Orc:1)
  Josephine (Orc:3)
  5 naga warriors
  19 hydras
  8 anacondas
  8 centaur warriors
  11 alligators
  A tengu warrior (D:14)
  9 death yaks
  6 naga sharpshooters
  6 shock serpents
  3 orc high priests (Orc:4)
  A deep elf knight (D:14)
  3 wizards
  5 spriggan druids
  12 hill giants
  8 swamp dragons
  3 naga ritualists (Snake:1)
  3 unseen horrors
  4 shambling mangroves
  Pikel (D:4)
  2 orc knights (Orc:4)
  3 necromancers
  2 wolf spider zombies
  11 ugly things
  2 griffons
  5 orc sorcerers
  6 mana vipers
  4 salamanders
  A water nymph (shapeshifter) (D:15)
  9 elephants
  2 guardian serpents
  4 hornets
  2 cyclopes
  Maurice (Orc:3)
  8 naga magi
  2 manticores
  2 gargoyles
  20 spiny frogs
  22 black mambas
  3 torpor snails (Lair:4)
  3 fire drakes
  9 komodo dragons
  A tengu conjurer (D:14)
  19 polar bears
  A two-headed ogre (D:11)
  7 giant leeches
  9 trolls
  22 slime creatures
  A blue devil (Lair:3)
  5 bog bodies
  7 blink frogs
  A wolf spider simulacrum (D:15)
  2 shadows
  A trapdoor spider (D:12)
  12 spriggans
  3 wyverns
  80 yaks
  5 hogs (Lair:5)
  A deep elf mage (D:11)
  A vampire (D:15)
  4 hungry ghosts
  6 wraiths
  2 fire elementals (Snake:1)
  23 vampire mosquitoes
  7 basilisks
  The ghost of Nyvrem the Chopper, an amateur DsFi (D:3)
  13 hippogriffs
  Menkaure (D:7)
  16 insubstantial wisps
  A soldier ant (D:13)
  15 nagas
  2 mottled dragons
  10 porcupines
  2 wargs
  26 swamp worms
  16 wolves
  9 water moccasins
  A hell hound (Snake:1)
  14 ice beasts
  3 phantoms
  15 swamp drakes
  4 black bears
  4 slaves (D:4)
  11 wasps
  3 sky beasts
  3 eyes of draining
  24 orc warriors
  10 ogres
  2 necrophages
  14 crocodiles
  2 elf zombies (Ossuary)
  3 big kobolds
  31 centaurs
  20 giant frogs
  A troll skeleton (D:9)
  5 scorpions
  3 spriggan skeletons (D:9)
  17 wights
  An electric eel (Lair:3)
  7 killer bees
  3 quasits
  4 crimson imps
  11 centaur zombies
  A giant frog zombie (D:12)
  4 hounds
  2 human zombies (Ossuary)
  36 orc priests
  A wasp zombie (D:14)
  5 centaur skeletons
  3 giant frog skeletons
  A gnoll shaman (D:5)
  11 iguanas
  2 jellies
  28 orc wizards
  10 worker ants
  4 polar bear simulacra (D:9)
  A yak simulacrum (D:9)
  25 sheep
  4 wolf simulacra (D:9)
  A hound skeleton (D:9)
  4 mummies
  A worker ant zombie (D:7)
  11 adders
  47 river rats
  9 gnolls
  8 shadow imps
  14 white imps
  An adder zombie (D:8)
  3 adder skeletons
  2 worms
  4 giant geckos
  158 orcs
  2 ball pythons
  4 giant cockroaches
  10 hobgoblins
  7 jackals
  6 quokkas
  2 bats
  2 giant gecko skeletons (D:4)
  A giant gecko zombie (D:6)
  8 giant newts
  10 goblins
  A goblin zombie (D:6)
  A jackal skeleton (D:6)
  12 kobolds
  An orc zombie (D:6)
  14 rats
  2 river rat simulacra (D:9)
  5 briar patches (Swamp:3)
  A bush (Lair:4)
  20 fungi
  7 plants
1322 creatures vanquished.

Vanquished Creatures (collateral kills)
  Azrael (Snake:1)
  An orc high priest (Orc:4)
  An orc sorcerer (Orc:4)
  2 orc knights
  2 naga magi (Snake:1)
  A spiny frog (Lair:5)
  7 polar bears (IceCv)
  A slime creature (Swamp:2)
  A giant leech (Swamp:4)
  A blink frog (Lair:5)
  A shadow (Swamp:2)
  A yak (IceCv)
  A naga (Snake:1)
  A hell hound (Snake:1)
  7 orc warriors
  5 orc wizards
  4 orc priests
  7 orcs
45 creatures vanquished.

Vanquished Creatures (others)
  A deep elf mage (D:10)
  A wolf (IceCv)
  A briar patch (Swamp:3)
  29 fungi
  6 plants (Lair:8)
38 creatures vanquished.

Grand Total: 1405 creatures vanquished

Notes
Turn   | Place    | Note
--------------------------------------------------------------
     0 | D:1      | Kloppie the Minotaur Berserker began the quest for the Orb.
     0 | D:1      | Reached XP level 1. HP: 19/19 MP: 0/0
   114 | D:1      | Reached skill level 4 in Fighting
   120 | D:1      | Reached XP level 2. HP: 20/27 MP: 1/1
   252 | D:1      | Reached ** piety under Trog
   272 | D:1      | Reached XP level 3. HP: 18/34 MP: 2/2
  1358 | D:2      | Found a snail-covered altar of Cheibriados.
  1809 | D:3      | Reached skill level 5 in Fighting
  1809 | D:3      | Reached XP level 4. HP: 29/42 MP: 3/3
  1872 | D:3      | Reached skill level 5 in Axes
  1911 | D:3      | Noticed Nyvrem's ghost (amateur DsFi)
  1918 | D:3      | Killed Nyvrem's ghost
  1918 | D:3      | Reached skill level 6 in Fighting
  1918 | D:3      | Reached XP level 5. HP: 43/50 MP: 4/4
  2186 | D:3      | Reached *** piety under Trog
  2563 | D:4      | Noticed a slave
  2564 | D:4      | Noticed a slave
  2586 | D:4      | Killed a slave
  2602 | D:4      | HP: 3/75 [slave[Pikel] (4)]
  2603 | D:4      | Killed a slave
  2855 | D:4      | Noticed a slave
  2872 | D:4      | Killed a slave
  3030 | D:4      | Reached XP level 6. HP: 32/58 MP: 5/5
  3071 | D:4      | Noticed a slave
  3085 | D:4      | Killed a slave
  3088 | D:4      | Noticed a phantom
  3311 | D:4      | Killed a phantom
  3311 | D:4      | Reached skill level 7 in Fighting
  3324 | D:4      | Noticed Pikel
  3345 | D:4      | Killed Pikel
  3345 | D:4      | Reached skill level 8 in Fighting
  3345 | D:4      | Reached XP level 7. HP: 12/69 MP: 6/6
  3870 | D:5      | Entered Level 5 of the Dungeon
  4264 | D:5      | Reached XP level 8. HP: 71/75 MP: 7/7
  4433 | D:5      | Reached skill level 9 in Fighting
  5077 | D:5      | Found a glowing golden altar of the Shining One.
  5250 | D:6      | Reached skill level 10 in Fighting
  5365 | D:6      | Found a bloodstained altar of Trog.
  5381 | D:6      | Reached skill level 10 in Axes
  5434 | D:6      | Found a sand-covered staircase.
  5445 | Ossuary  | Entered an ossuary
  5665 | Ossuary  | Reached XP level 9. HP: 61/86 MP: 8/8
  6230 | D:6      | Reached skill level 11 in Fighting
  6251 | D:6      | Gained mutation: Your system is resistant to poisons. [potion of beneficial mutation]
  6506 | D:6      | Found a deep blue altar of Sif Muna.
  6506 | D:6      | Found an iron altar of Okawaru.
  6507 | D:6      | Found a stormy altar of Qazlal.
  6522 | D:6      | Found an iron altar of Okawaru.
  6870 | D:7      | Noticed Menkaure
  6884 | D:7      | Killed Menkaure
  7116 | D:7      | Reached skill level 12 in Fighting
  7118 | D:7      | Found a staircase to the Ecumenical Temple.
  7783 | D:8      | Reached **** piety under Trog
  8011 | D:8      | Reached XP level 10. HP: 99/99 MP: 9/9
  8345 | D:9      | Noticed a cyclops
  8363 | D:9      | Killed a cyclops
  8535 | D:9      | Noticed a necromancer
  8558 | D:9      | Killed a necromancer
  8558 | D:9      | Reached skill level 13 in Fighting
  8753 | D:9      | Noticed a hill giant
  8766 | D:9      | Killed a hill giant
  9102 | D:9      | Found Peigy's Weapon Emporium.
  9104 | D:9      | Found a staircase to the Lair.
  9395 | D:9      | Found a blossoming altar of Fedhas.
  9703 | D:10     | Entered Level 10 of the Dungeon
  9830 | D:10     | Reached skill level 14 in Fighting
  9937 | D:10     | Noticed a hill giant
  9944 | D:10     | Killed a hill giant
 10086 | D:10     | Reached XP level 11. HP: 91/110 MP: 1/10
 10206 | D:10     | Noticed a hill giant
 10219 | D:10     | Killed a hill giant
 10275 | D:10     | Found a basalt altar of Yredelemnul.
 10841 | D:11     | Reached ***** piety under Trog
 10986 | D:11     | Noticed Kloppie's ghost (journeyman CeBe)
 11121 | D:11     | Killed Kloppie's ghost
 11410 | D:11     | Reached skill level 5 in Armour
 11788 | D:11     | Reached skill level 15 in Axes
 12039 | D:11     | Noticed a hill giant
 12047 | D:11     | Killed a hill giant
 12134 | D:11     | Found a staircase to the Orcish Mines.
 12588 | D:12     | Noticed a hill giant
 12592 | D:12     | Killed a hill giant
 12772 | D:12     | Reached XP level 12. HP: 98/118 MP: 11/11
 12825 | D:12     | Reached skill level 16 in Axes
 13455 | D:12     | Noticed a hill giant
 13465 | D:12     | Killed a hill giant
 13465 | D:12     | Received a gift from Trog
 13893 | D:11     | Noticed a hill giant
 13905 | D:11     | Killed a hill giant
 13905 | D:11     | Reached skill level 10 in Armour
 13998 | Lair:1   | Entered Level 1 of the Lair of Beasts
 14039 | Lair:1   | Noticed an eight-headed hydra
 14044 | Lair:1   | Killed an eight-headed hydra
 14340 | Lair:1   | Reached skill level 17 in Axes
 14343 | Lair:1   | Received a gift from Trog
 15349 | Lair:2   | Found a frozen archway.
 15392 | IceCv    | Entered an ice cave
 15393 | IceCv    | Gained mutation: You have large cloven feet. [potion of beneficial mutation]
 16002 | IceCv    | Reached XP level 13. HP: 125/125 MP: 12/12
 16043 | IceCv    | Received a gift from Trog
 16045 | IceCv    | Reached ****** piety under Trog
 16347 | IceCv    | Noticed a frost giant
 16371 | IceCv    | Reached skill level 18 in Axes
 16378 | IceCv    | Killed a frost giant
 17402 | Lair:3   | Received a gift from Trog
 17435 | Lair:3   | Found a staircase to the Swamp.
 17858 | Lair:3   | Reached skill level 15 in Fighting
 18810 | Lair:4   | Received a gift from Trog
 18824 | Lair:4   | Found a snail-covered altar of Cheibriados.
 18887 | Lair:4   | Reached XP level 14. HP: 136/136 MP: 13/13
 19004 | Lair:4   | Reached skill level 15 in Armour
 19294 | Lair:4   | Found a staircase to the Snake Pit.
 19588 | Lair:4   | Identified a +3 rod of the swarm (11/11) (You found it in an ice cave)
 19610 | Lair:5   | Noticed Kirke
 19638 | Lair:5   | Killed Kirke
 20787 | Lair:6   | Received a gift from Trog
 21533 | Lair:7   | Received a gift from Trog
 21568 | Lair:7   | Found a staircase to the Slime Pits.
 21568 | Lair:7   | Found a viscous altar of Jiyva.
 22442 | Orc:1    | Entered Level 1 of the Orcish Mines
 22444 | Orc:1    | Noticed Snorg
 22468 | Orc:1    | Killed Snorg
 22797 | Orc:1    | Found a runed door.
 23001 | Orc:1    | Found a roughly hewn altar of Beogh.
 23009 | Orc:1    | Got a steaming tin ring
 23152 | Orc:2    | Received a gift from Trog
 23607 | Orc:3    | Noticed Josephine
 23620 | Orc:3    | Killed Josephine
 23782 | Orc:3    | Found a roughly hewn altar of Beogh.
 23854 | Orc:3    | Found a staircase to the Elven Halls.
 23880 | Orc:3    | Noticed Maurice
 23890 | Orc:3    | Killed Maurice
 23895 | Orc:3    | Found Siseih's Assorted Antiques.
 24112 | Orc:2    | Received a gift from Trog
 24449 | Orc:4    | Entered Level 4 of the Orcish Mines
 24694 | Orc:4    | Received a gift from Trog
 24702 | Orc:4    | Found a bloodstained altar of Trog.
 25221 | Orc:4    | Reached XP level 15. HP: 82/149 MP: 14/14
 25245 | Orc:4    | Received a gift from Trog
 25285 | Orc:4    | Noticed an orc warlord
 25306 | Orc:4    | Killed an orc warlord
 25449 | Orc:4    | Found Diohoqud's General Store.
 25450 | Orc:4    | Found Koobriex's Book Shop.
 25451 | Orc:4    | Found Pekhom's Antique Armour Shop.
 25451 | Orc:4    | Found Uxeuma's Antique Weapon Boutique.
 25874 | Lair:8   | Entered Level 8 of the Lair of Beasts
 26398 | Lair:8   | Identified the ring "Foawony" {rElec rC+ Int+4 Dex+3} (You took it off an orc priest on level 1 of the Orcish Mines)
 26493 | Lair:8   | Received a gift from Trog
 26977 | Lair:8   | Identified Kuibeva's Reference Book on Envenoming
 27844 | Lair:1   | Gained mutation: You passively map a small area around you. [potion of beneficial mutation]
 27943 | Swamp:1  | Entered Level 1 of the Swamp
 28300 | Swamp:1  | Got an ichor-stained ring mail
 28815 | Swamp:2  | Reached skill level 19 in Fighting
 29165 | Swamp:2  | Received a gift from Trog
 29185 | Swamp:2  | Got a dazzling battleaxe {god gift}
 30206 | Swamp:3  | Reached XP level 16. HP: 73/162 MP: 15/15
 31450 | Swamp:3  | Reached skill level 20 in Fighting
 31757 | Snake:1  | Entered Level 1 of the Snake Pit
 31757 | Snake:1  | Noticed Azrael
 31765 | Snake:1  | Killed Azrael
 31839 | Snake:1  | Received a gift from Trog
 32051 | Snake:1  | Identified the +6 battleaxe of Trog's Hatred {speed, rPois rN+ SInv} (Trog gifted it to you on level 2 of the Swamp)
 32171 | Snake:1  | Reached skill level 5 in Dodging
 33041 | Snake:1  | Received a gift from Trog
 33828 | Snake:2  | Identified the Compendium of Dusty Moulding
 33971 | Snake:2  | Noticed Aizul
 33983 | Snake:2  | Killed Aizul
 35142 | Snake:3  | Noticed Donald
 35157 | Snake:3  | Killed Donald
 35500 | Snake:3  | Reached XP level 17. HP: 114/170 MP: 16/16
 35514 | Snake:3  | Received a gift from Trog
 36069 | D:9      | Noticed an unseen horror
 36074 | D:9      | Killed an unseen horror
 36315 | D:13     | Found an ancient bone altar of Kikubaaqudgha.
 36609 | D:13     | Got a bloodstained halberd
 37062 | D:14     | Reached skill level 10 in Dodging
 37815 | D:14     | Found a gate to the Vaults.
 37968 | D:15     | Entered Level 15 of the Dungeon
 38031 | D:15     | Found a staircase to the Depths.
 38201 | D:15     | Found a deep blue altar of Sif Muna.
 38225 | D:15     | Noticed Louise
 38235 | D:15     | Cast into the Abyss (Louise)
 38263 | D:15     | Escaped the Abyss
 38271 | D:15     | Killed Louise
 38717 | D:15     | Received a gift from Trog
 39316 | Swamp:4  | Entered Level 4 of the Swamp
 39824 | Swamp:4  | Noticed xash's ghost (adept FoFi)
 39849 | Swamp:4  | Killed xash's ghost
 40947 | Swamp:4  | Noticed the 27-headed Lernaean hydra
 41213 | Swamp:4  | HP: 7/170 [the 27-headed Lernaean hydra (5)]
 41213 | Swamp:4  | Slain by the 27-headed Lernaean hydra

Action                   |  1- 3 |  4- 6 |  7- 9 | 10-12 | 13-15 | 16-18 || total
-------------------------+-------+-------+-------+-------+-------+-------++-------
Melee: Hand axe          |    89 |   120 |   320 |    20 |       |       ||   549
       War axe           |       |       |       |   226 |       |       ||   226
       Battleaxe         |       |       |       |   472 |  1261 |   712 ||  2445
       Flail             |       |       |       |     4 |    27 |    43 ||    74
Invok: Trog's Hand       |     1 |     4 |     2 |    11 |    18 |     9 ||    45
       Berserk           |       |     5 |     2 |     7 |     9 |     4 ||    27
       Brothers in Arms  |       |       |       |     1 |     6 |     4 ||    11
Evoke: Wand              |       |       |       |       |     2 |       ||     2
  Use: Scroll            |       |       |    10 |    12 |     8 |     7 ||    37
       Potion            |       |       |     1 |     6 |     2 |     4 ||    13
 Stab: Sleeping          |     1 |     1 |     1 |       |       |       ||     3
       Distracted        |       |       |       |     1 |     1 |     1 ||     3
  Eat: Chunk             |     2 |     7 |    15 |    43 |    44 |    29 ||   140
       Pizza             |       |     1 |       |       |     3 |       ||     4
       Beef jerky        |       |     2 |       |       |     2 |       ||     4
       Fruit             |       |       |     3 |       |     3 |     4 ||    10
       Bread ration      |       |       |       |     1 |     1 |     3 ||     5
       Royal jelly       |       |       |       |       |       |     1 ||     1
